 Dungeon Crawl Stone Soup version 0.30-a0-629-gd54f4be4f7 (webtiles) character file.

Game seed: 15342991877279506471

3423 IdlyInterested the Chopper (level 9, 0/72 (74) HPs)
             Began as a Demonspawn Gladiator on Jan 12, 2023.
             Slain by a wight
             ... wielding a +4 halberd
              (6 damage)
             ... on level 7 of the Dungeon.
             The game lasted 00:19:29 (6253 turns).

IdlyInterested the Chopper (Demonspawn Gladiator)   Turns: 6253, Time: 00:19:30

HP:   0/72 (74)     AC: 11    Str: 18    XL:     9   Next: 76%
MP:   0/9           EV:  9    Int: 10    God:
Gold: 511           SH:  0    Dex: 15    Spells: 8/8 levels left

rFire   . . .      SeeInvis .    E - +2 hand axe (heavy)
rCold   . . .      Faith    .    (no shield)
rNeg    . . .      Spirit   +    j - +0 chain mail
rPois   .          Reflect  .    z - +2 helmet
rElec   .          Harm     .    l - +0 cloak
rCorr   .          Rampage  .    (gloves unavailable)
Will    +....                    (no boots) Stlth
                                 (no amulet)
HPRegen 0.32/turn                f - ring of willpower
MPRegen 0.22/turn                (no ring)

@: corroded, lightly drained
A: rugged brown scales 1, powered by death 1, magic shield, magic regeneration,
demonic touch 3
a: no special abilities


You were on level 7 of the Dungeon.
You visited 2 branches of the dungeon, and saw 8 of its levels.

You collected 511 gold pieces.

Inventory:

Hand Weapons
 a - a +0 war axe
 s - a +0 spear of venom
 u - a +1 heavy mace
 B - a +0 flail of protection
 E - a +2 heavy hand axe (weapon)
Missiles
 c - 10 poisoned darts
 d - 4 throwing nets
 e - a javelin
 n - 42 stones (quivered)
 y - 6 curare-tipped darts
Armour
 j - a +0 chain mail (worn)
 l - a +0 cloak (worn)
 z - a +2 helmet (worn)
Jewellery
 f - a ring of willpower (left hand)
 G - a ring of fire
Wands
 o - a wand of charming (3)
 C - a wand of mindburst (16)
 I - a wand of quicksilver (3)
Scrolls
 k - a scroll of fog
 t - 2 scrolls of teleportation
 v - a scroll of fear
 D - a scroll of blinking
 F - 2 scrolls of enchant armour {unknown}
 H - a scroll of brand weapon {unknown}
 K - a scroll of enchant weapon {unknown}
Potions
 b - a potion of resistance
 g - 3 potions of curing
 h - a potion of berserk rage {unknown}
 i - a potion of mutation
 m - 2 potions of flight
 p - a potion of might {unknown}
 q - a potion of lignification {unknown}
 r - a potion of heal wounds {unknown}
 w - a potion of attraction {unknown}
 x - 3 potions of brilliance {unknown}
 A - 4 potions of cancellation {unknown}
 J - a potion of ambrosia
 L - a potion of haste {unknown}


   Skills:
 - Level 7.0 Fighting
 + Level 7.4 Axes
 - Level 2.0 Throwing
 - Level 6.0 Armour
 * Level 5.5 Dodging
 - Level 1.0 Stealth
 - Level 2.0 Shields
 - Level 2.0 Unarmed Combat
 - Level 2.0 Evocations


You had 8 spell levels left.
You didn't know any spells.
Your spell library contained the following spells:

 Spells                   Type           Power      Damage    Failure   Level
 Kiss of Death            Conj/Necr      0%         2d5       99%         1
 Magic Dart               Conj           0%         1d3       99%         1
 Confusing Touch          Hex            0%         N/A       100%        3
 Summon Guardian Golem    Hex/Summ       0%         N/A       100%        3
 Dispel Undead            Necr           0%         3d6       100%        4
 Sticky Flame             Conj/Fire      0%         2d3       100%        4
 Freezing Cloud           Conj/Ice/Air   0%         6-21      100%        5
 Simulacrum               Ice/Necr       0%         N/A       100%        6
 Starburst                Conj/Fire      0%         6d3       100%        6
 Orb of Destruction       Conj           0%         9d5       100%        7
 Spellforged Servitor     Conj/Summ      0%         N/A       100%        7
 Polar Vortex             Ice            0%         N/A       100%        9


Dungeon Overview and Level Annotations

Branches:
Dungeon (7/15)             Temple (1/1) D:6

Altars:
Ashenzari
Cheibriados
Dithmenos
Fedhas
Gozag
Hepliaklqana
Kikubaaqudgha
Makhleb
Nemelex Xobeh
Okawaru
Qazlal
Ru
Sif Muna
Trog
Uskayaw
Vehumet
Wu Jian
Yredelemnul


Innate Abilities, Weirdness & Mutations

You are partially covered in rugged brown scales. (AC +1, +3% HP)
You regenerate a little health from kills.
When hurt, damage is shared between your health and your magic reserves.
You regenerate magic rapidly.
Your touch may irresistibly damage your foes and sap their willpower.


Message History

Your life force feels restored.
L - a fizzy brown potion
Found a ring mail.
A jelly comes into view.
The jelly quivers.
A wight comes into view. It is wielding a +4 halberd.
The jelly moves out of view.
The jelly jiggles.
The wight hits you but does no damage. The wight hits you with a +4 halberd.
You barely miss the wight. The wight hits you with a +4 halberd.
The wight barely misses you.
You barely miss the wight. You punch the wight.
The wight is lightly damaged.
You hit the jelly. The acid corrodes you!
Your hands burn!
The wight hits you with a +4 halberd!
You feel drained. The jelly hits you.
You are splashed with acid!
You closely miss the wight.
The wight is lightly damaged.
You slash the jelly!
Your hands burn!
* * * LOW HITPOINT WARNING * * *
The wight barely misses you. The jelly hits you.
* * * LOW HITPOINT WARNING * * *
You are splashed with acid!
* * * LOW HITPOINT WARNING * * *
Unknown command.
You barely miss the wight.
The wight is lightly damaged.
You hit the jelly but do no damage.
Your hands burn!
* * * LOW HITPOINT WARNING * * *
The wight barely misses you. The jelly barely misses you.
The wight closely misses you.
The jelly jiggles.
The jelly hits you but does no damage.
You barely miss the wight.
The wight is lightly damaged.
You hit the jelly but do no damage.
Your hands burn!
* * * LOW HITPOINT WARNING * * *
The wight hits you with a +4 halberd!
You die...

......††###
..####.###.# .## ##..#
.. #.# ...## #...#...
#.# ....# #...#... ##.#
.... ##..... #..#
#..##....# ##..#
#...#.J..# ###...#
#..##...#@z.[####.....#
#.....................#
#######################


You could see a jelly and a wight.

Vanquished Creatures
  A hornet (D:7)
  A wraith (D:6)
  A steam dragon (D:6)
  3 vampire mosquitoes (D:6)
  Edmund (D:4)
  2 water moccasins (D:6)
  2 ice beasts
  A black bear (D:6)
  A sky beast (D:6)
  A centaur (D:5)
  2 ogres (D:5)
  A kobold brigand (D:7)
  3 bullfrogs
  2 necrophages
  4 scorpions
  4 wights (D:7)
  2 howler monkeys
  2 jellies
  An orc priest (D:4)
  3 hounds (D:6)
  A gnoll bouda (D:6)
  Jessica (D:2)
  3 iguanas
  4 orc wizards
  Robin (D:2)
  7 gnolls
  7 adders
  5 white imps
  A worm (D:2)
  2 dart slugs
  17 orcs
  7 ball pythons
  14 endoplasms
  2 giant cockroaches (D:2)
  7 goblins (D:2)
  8 hobgoblins
  3 jackals (D:1)
  2 quokkas
  6 bats
  2 frilled lizards
  13 kobolds
  6 rats
157 creatures vanquished.

Vanquished Creatures (others)
  A scorpion (D:6)
  2 fungi (D:3)
  9 toadstools (D:3)
12 creatures vanquished.

Grand Total: 169 creatures vanquished

Notes
Turn   | Place    | Note
-------+----------+-------------------------------------------
     0 | D:1      | IdlyInterested the Demonspawn Gladiator began the quest for
                  | the Orb.
     0 | D:1      | Reached XP level 1. HP: 16/16 MP: 1/1
   113 | D:1      | Gained mutation: You regenerate magic rapidly. [demonic
                  | ancestry]
   113 | D:1      | Reached XP level 2. HP: 2/22 MP: 2/2
   115 | D:1      | Reached skill level 1 in Armour
   480 | D:1      | Reached skill level 1 in Stealth
   942 | D:2      | Gained mutation: Your touch may inflict minor irresistible
                  | damage on your foes. [demonic ancestry]
   942 | D:2      | Reached XP level 3. HP: 25/28 MP: 3/3
   987 | D:2      | Noticed Robin
  1007 | D:2      | Killed Robin
  1144 | D:2      | Noticed Jessica
  1147 | D:2      | Killed Jessica
  1148 | D:2      | Reached XP level 4. HP: 35/35 MP: 4/4
  1250 | D:2      | Found a broken altar of Ashenzari.
  1401 | D:2      | Got the Incunable of Confrontation
  1744 | D:3      | Found a hide-covered altar of Uskayaw.
  1895 | D:3      | Gained mutation: Your touch may inflict irresistible damage
                  | on your foes. [demonic ancestry]
  1895 | D:3      | Reached XP level 5. HP: 32/41 MP: 5/5
  2721 | D:4      | Gained mutation: When hurt, damage is shared between your
                  | health and your magic reserves. [demonic ancestry]
  2721 | D:4      | Reached XP level 6. HP: 45/47 MP: 6/6
  2877 | D:4      | Found a radiant altar of Vehumet.
  2878 | D:4      | Noticed Edmund
  2890 | D:4      | Killed Edmund
  3092 | D:4      | Found a basalt altar of Yredelemnul.
  3092 | D:4      | Found a burning altar of Makhleb.
  3684 | D:5      | Entered Level 5 of the Dungeon
  3817 | D:5      | Noticed an ice beast
  3830 | D:5      | Killed an ice beast
  3831 | D:5      | Gained mutation: You are partially covered in rugged brown
                  | scales. (AC +1, +3% HP) [demonic ancestry]
  3831 | D:5      | Reached XP level 7. HP: 33/55 MP: 7/7
  3941 | D:5      | Reached skill level 5 in Axes
  3944 | D:5      | Reached skill level 1 in Shields
  4366 | D:5      | Reached skill level 1 in Unarmed Combat
  4632 | D:6      | Gained mutation: You regenerate a little health from kills.
                  | [demonic ancestry]
  4632 | D:6      | Reached XP level 8. HP: 62/62 MP: 8/8
  4704 | D:6      | Reached skill level 5 in Fighting
  4817 | D:6      | Found a staircase to the Ecumenical Temple.
  4834 | D:6      | Reached skill level 1 in Evocations
  4919 | Temple   | Entered the Ecumenical Temple
  5466 | D:6      | Reached skill level 5 in Armour
  5544 | D:6      | Gained mutation: Your touch may irresistibly damage your
                  | foes and sap their willpower. [demonic ancestry]
  5544 | D:6      | Reached XP level 9. HP: 71/71 MP: 9/9
  5639 | D:6      | Reached skill level 5 in Dodging
  5862 | D:6      | Found a sparkling altar of Nemelex Xobeh.
  6253 | D:7      | Slain by a wight

Illustrated notes

Levels and vault maps discovered:
D:1:      lightli_arrival_statuegarden, layout_basic, minmay_misc_feat_iff
D:2:      layout_loops_cross, basic_altar, uniq_robin, uniq_jessica
D:3:      cheibrodos_fertilizer, layout_basic, overflow_temple_1_default,
          nicolae_concentric_dashed_squares_mild, minmay_misc_feat_alley
D:4:      layout_loops_corners, gammafunk_temple_overflow_wave,
          nicolae_vehumet_altar_sigil, uniq_edmund
D:5:      layout_rooms, lemuel_flame_loot_1
D:6:      cheibrodos_barr_body, layout_gridville, kennysheep_mini,
          mainiacjoe_overflow_six_doors_small, minmay_temple_entry_stoned_glass
D:7:      minmay_recursive_quarters, layout_basic, enter_bailey_5, minivault_25,
          minmay_shop_grid_forest
Temple:   regret_index_temple_generic_petals

Skill      XL: |  1  2  3  4  5  6  7  8  9 |
---------------+----------------------------+-----
Axes           | 3 4 5 6 7 |  7.4
Armour         | 1 2 3 4 5 6 |  6.0
Stealth        | 1 |  1.0
Fighting       | 3 4 6 7 |  7.0
Throwing       | 2 |  2.0
Dodging        | 3 4 5 |  5.5
Shields        | 1 2 |  2.0
Unarmed Combat | 1 2 |  2.0
Evocations     | 2 |  2.0

Action                   |  1- 3 |  4- 6 |  7- 9 || total
-------------------------+-------+-------+-------++-------
Melee: War axe           |    73 |   119 |   143 ||   335
       Punch             |     2 |     1 |     2 ||     5
       Touch             |     3 |    30 |    48 ||    81
       Hand axe          |       |       |    68 ||    68
Throw: Stone             |       |     6 |       ||     6
       Javelin           |       |       |     1 ||     1
  Use: Scroll            |     6 |     8 |       ||    14
       Potion            |     1 |       |     1 ||     2
 Stab: Invisible         |       |       |     1 ||     1
Armor: Leather armour    |    13 |       |       ||    13
       Chain mail        |    72 |    60 |   164 ||   296
Dodge: Dodged            |    55 |    36 |   107 ||   198
Block: Kite shield       |       |       |     7 ||     7

Table legend: (Time is in decaauts)
 A = Elapsed time spent in this place.
 B = Non-inter-level travel time spent in this place.
 C = Inter-level travel time spent in this place.
 D = Time resting spent in this place.
 E = Time spent auto-exploring this place.
 F = Levels seen in this place.
 G = Mean time per level.
                   A        B        C        D        E       F      G
               +--------+--------+--------+--------+--------+-----+--------+
         Total |   6394 |   5615 |    779 |    548 |   3540 |   8 |  799.2 |
       Dungeon |   6139 |   5419 |    720 |    548 |   3352 |   7 |  877.0 |
        Temple |    255 |    196 |     59 |      0 |    188 |   1 |  255.0 |
               +--------+--------+--------+--------+--------+-----+--------+

Top non-repeatable levels by time:
     D:4: 1207 daAuts
     D:6: 1132 daAuts
     D:2: 937 daAuts
     D:1: 927 daAuts
     D:5: 856 daAuts
     D:3: 847 daAuts
  Temple: 255 daAuts
     D:7: 231 daAuts
